 Dungeon Crawl Stone Soup version 0.29.1-1-gd02db6906a (webtiles) character file.

Game seed: 1309575621879654704

69 safid the Shooter (level 4, -3/38 HPs)
             Began as a Minotaur Hunter on Oct 14, 2022.
             Slain by an orc
             ... wielding a +0 flail
              (7 damage)
             ... on level 3 of the Dungeon.
             The game lasted 00:01:47 (1737 turns).

safid the Shooter (Minotaur Hunter)                 Turns: 1737, Time: 00:01:48

Health: -3/38      AC:  3    Str: 16    XL:     4   Next: 2%
Magic:  3/3        EV: 12    Int:  6    God:
Gold:   99         SH:  0    Dex: 15    Spells: 3/3 levels left

rFire   . . .      SeeInvis .   a - +0 shortbow
rCold   . . .      Faith    .   (shield currently unavailable)
rNeg    . . .      Spirit   .   c - +0 leather armour
rPois   .          Reflect  .   (helmet restricted)
rElec   .          Harm     .   (no cloak)
rCorr   .          Rampage  .   (no gloves)
Will    .....                   (no boots)
Stlth   +.........              (no amulet)
HPRegen 0.12/turn               (no ring)
MPRegen 0.08/turn               (no ring)

@: confused
A: horns 2, retaliatory headbutt
a: no special abilities


You were on level 3 of the Dungeon.
You visited 1 branch of the dungeon, and saw 3 of its levels.

You collected 99 gold pieces.

Inventory:

Hand Weapons
 a - a +0 shortbow (weapon)
Missiles
 g - 3 javelins
Armour
 c - a +0 leather armour (worn)
Jewellery
 l - a ring of fire
Scrolls
 b - a scroll of immolation
 i - a scroll of noise {unknown}
 m - a scroll of torment {unknown}
 n - a scroll of identify {unknown}
Potions
 d - 3 potions of flight {unknown}
 e - a potion of resistance {unknown}
 f - 4 potions of curing {unknown}
 h - a potion of brilliance {unknown}
 j - 2 potions of heal wounds {unknown}
 k - a potion of lignification {unknown}


   Skills:
 - Level 3.0 Fighting
 + Level 6.0 Ranged Weapons
 - Level 2.1 Dodging
 - Level 0.7 Stealth


You had 3 spell levels left.
You didn't know any spells.
Your spell library was empty.

Dungeon Overview and Level Annotations

Branches:
Dungeon (3/15)

Altars:
Makhleb

Shops:
D:3 *


Innate Abilities, Weirdness & Mutations

You have a pair of horns on your head.
You reflexively headbutt those who attack you in melee.


Message History

Unknown command.
Non-targeted confused fire: a) +0 shortbow
Press: ? - help, Q - select action, (/) - cycle Dir - look around, f - activate You shoot an arrow.
The arrow hits the orc wizard.
The orc wizard is heavily wounded.
The orc wizard gestures at you while chanting.
You are more confused.
An orc comes into view. It is wielding a +0 flail.
Unknown command.
You're too confused to move!
The orc shouts!
The orc wizard gestures at you while chanting.
The puff of flame hits you!
A rat comes into view.
Non-targeted confused fire: a) +0 shortbow
Press: ? - help, Q - select action, (/) - cycle Dir - look around, f - activate
Okay, then.
Unknown command.
Unknown command.
You're too confused to move!
The orc wizard gestures at you while chanting.
The puff of flame hits you!
An orc comes into view. It is wielding a +0 short sword.
The rat closely misses you. The orc wizard closely misses you.
You bump into the rock wall.
The rat bites you.
The orc wizard gestures at you while chanting.
You are more confused.
You bump into the rock wall.
The rat closely misses you. The orc wizard barely misses you.
The orc closely misses you.
There is an open door here.
You bump into the rock wall.
The orc wizard points at you and mumbles some strange words.
The magic dart hits you!
* * * LOW HITPOINT WARNING * * *
The orc closely misses you.
You're too confused to move!
The rat bites you.
* * * LOW HITPOINT WARNING * * *
The orc hits you with a +0 flail!
You die...

#.#.# #.###.#.#
#.....#<#######
#.#.#..o...
#.#.#.####.
#.#∩#.# #.
######.#.#.##...
....$..#.#..o...
.......#@#......
.......rooo...(.
###.......#####
#.#...#.# ..
#...#.# ..
#...#.# . #...#
# ..... .....#


You could see an orc wizard, 2 orcs and a rat.

Vanquished Creatures
  2 adders (D:2)
  A worm (D:2)
  2 ball pythons
  A bat (D:1)
  11 endoplasms
  A giant cockroach (D:2)
  7 hobgoblins
  2 jackals (D:2)
  3 kobolds (D:2)
  2 quokkas
  2 frilled lizards
  4 goblins
  6 rats (D:1)
44 creatures vanquished.

Notes
Turn   | Place    | Note
-------+----------+-------------------------------------------
     0 | D:1      | safid the Minotaur Hunter began the quest for the Orb.
     0 | D:1      | Reached XP level 1. HP: 18/18 MP: 0/0
   302 | D:1      | Reached XP level 2. HP: 26/26 MP: 1/1
   572 | D:1      | Reached skill level 5 in Ranged Weapons
   949 | D:2      | Reached XP level 3. HP: 31/31 MP: 2/2
  1111 | D:2      | Found a burning altar of Makhleb.
  1649 | D:2      | Reached XP level 4. HP: 38/38 MP: 3/3
  1714 | D:3      | Found Fuetojyll's Assorted Antiques.
  1725 | D:3      | Reached skill level 6 in Ranged Weapons
  1737 | D:3      | Slain by an orc

Illustrated notes

Levels and vault maps discovered:
D:1:      dpeg_arrival_rooms_b, layout_basic, minivault_26
D:2:      layout_basic, basic_altar, corner_web_ring
D:3:      layout_loops_cross, serial_shops, nicolae_shop_waterfront, shop,
          nicolae_shop_hallway_stairs, nicolae_ecumenical_pavilion,
          kennysheep_nub, wad_rectangle_vault, uniq_natasha

Skill      XL: |  1  2  3  4 |
---------------+-------------+-----
Fighting       | 3 |  3.0
Ranged Weapons | 5 6 |  6.0
Dodging        | |  2.1
Stealth        | |  0.7

Action                   |  1- 3 |  4- 6 || total
-------------------------+-------+-------++-------
 Fire: Shortbow          |   113 |     6 ||   119
Armor: Leather armour    |     2 |       ||     2
Dodge: Dodged            |    20 |     7 ||    27
